 Dungeon Crawl Stone Soup version 0.29-a0-393-g47a863cc1b (webtiles) character file.

Game seed: 13230299578190718078

121 happo123 the Ruffian (level 4, -6/45 HPs)
             Began as a Troll Berserker on May 10, 2022.
             Was a Believer of Trog.
             Killed by divine providence
             ... invoked by an orc priest
              (9 damage)
             ... on level 3 of the Dungeon.
             The game lasted 00:07:58 (1786 turns).

happo123 the Ruffian (Troll Berserker)              Turns: 1786, Time: 00:07:59

Health: -6/45      AC:  4    Str: 27    XL:     4   Next: 76%
Magic:  3/3        EV: 10    Int:  3    God:    Trog [**....]
Gold:   186        SH:  0    Dex:  9    Spells: 3/3 levels left

rFire   . . .      SeeInvis .     - Unarmed
rCold   . . .      Faith    .   (no shield)
rNeg    . . .      Spirit   .   a - +0 animal skin
rPois   .          Reflect  .   (helmet restricted)
rElec   .          Harm     .   (no cloak)
rCorr   .          Rampage  .   (gloves unavailable)
Will    .....                   (boots unavailable)
Stlth   +.........              (no amulet)
HPRegen 0.95/turn               (no ring)
MPRegen 0.08/turn               (no ring)

@: on berserk cooldown, slowed, very slow
A: large, unfitting armour, claws 3, regeneration 1, shaggy fur 1, tough skin 1
a: Renounce Religion, Berserk, Trog's Hand


You were on level 3 of the Dungeon.
You worshipped Trog.
Trog was pleased with you.
You visited 1 branch of the dungeon, and saw 3 of its levels.

You collected 186 gold pieces.

Inventory:

Hand Weapons
 c - a +1 short sword of venom
Armour
 a - a +0 animal skin (worn)
Jewellery
 e - a ring of willpower
Scrolls
 f - a scroll of blinking {unknown}
 g - 4 scrolls of teleportation {unknown}
 h - a scroll of amnesia {unknown}
 j - a scroll of enchant armour {unknown}
Potions
 b - 3 potions of haste {unknown}
 d - a potion of degeneration {unknown}
 i - a potion of ambrosia {unknown}
 k - a potion of heal wounds {unknown}


   Skills:
 + Level 3.0 Fighting
 + Level 3.2 Dodging
 + Level 0.1 Stealth
 + Level 4.3 Unarmed Combat


You had 3 spell levels left.
You didn't know any spells.
Your spell library was empty.

Dungeon Overview and Level Annotations

Branches:
Dungeon (3/15)

Altars:

Shops:
D:1 (

Annotations:
D:3 Robin


Innate Abilities, Weirdness & Mutations

You are too large for most types of armour.
You have claws for hands.
Your natural rate of healing is unusually fast.
You are covered in fur. (AC +1)
You have tough skin. (AC +1)


Message History

Robin throws the goblin at you! The goblin misses you.
The goblin hits the plant with a +0 club.
The plant begins to die.
You closely miss the goblin. The jackal barely misses you.
Robin roars a battlecry!
The goblins go into a battle-frenzy!
The hobgoblin hits the withered plant.
The withered plant begins to crumble.
The orc priest mumbles some strange prayers to Beogh against you.
Beogh smites you!
* * * LOW HITPOINT WARNING * * *
The orc priest hits the withered plant with a +0 hand axe.
The goblin hits you but does no damage.
The goblin hits the plant with a +0 club.
The jackal bites you but does no damage.
The withered plant crumbles away.
The orc hits the plant with a +0 war axe!
The plant begins to die.
The goblin hits the plant with a +0 club.
The plant begins to die.
The goblin hits you with a +0 dagger.
* * * LOW HITPOINT WARNING * * *
The jackal barely misses you.
The orc priest hits the withered plant with a +0 hand axe.
The goblin hits you with a +0 dagger.
* * * LOW HITPOINT WARNING * * *
The orc priest completely misses the withered plant.
The goblin hits the withered plant with a +0 club.
The hobgoblin hits the withered plant.
The withered plant begins to crumble.
The jackal bites you.
* * * LOW HITPOINT WARNING * * *
The goblin hits the withered plant with a +0 dagger.
The goblin hits the withered plant with a +0 club!
The goblin hits the plant with a +0 dagger.
The plant begins to die.
There is a faded altar of an unknown god here.
A nearby plant withers and dies.
The withered plant crumbles away.
The goblin hits something with a +0 dagger.
The goblin hits the withered plant with a +0 dagger.
The orc priest mumbles some strange prayers to Beogh against you.
Beogh smites you!
You die...

...................[
#..#....).......... ....###
#.................. .....(...
+.....<............ .........
#.................. .........
#.......###############........
##'#....#P...## ##P.PP#........
#.#....#.....###og..o#g......#
#......'.....@hgg†g..'g......#
###....#.....###Pog.P#.gg.###
#....#P.P.## ##PPPP#....#
#....###############....#
#..................o....#
#..†................g...#
#.).....................#
#....................gg.#
#.......................#


You could see 2 orc priests, an orc, a jackal, a hobgoblin (strong) and 4
goblins.

Vanquished Creatures
  Jessica (D:2)
  Terence (D:3)
  2 adders
  2 dart slugs (D:1)
  3 ball pythons (D:1)
  3 bats
  3 endoplasms
  A giant cockroach (D:2)
  4 goblins (D:2)
  3 hobgoblins
  10 jackals
  3 quokkas
  2 frilled lizards (D:2)
  6 kobolds
  2 rats
46 creatures vanquished.

Vanquished Creatures (others)
  A fungus (D:1)
  2 plants (D:3)
  4 toadstools (D:1)
  8 withered plants (D:3)
15 creatures vanquished.

Grand Total: 61 creatures vanquished

Notes
Turn   | Place    | Note
-------+----------+-------------------------------------------
     0 | D:1      | happo123 the Troll Berserker began the quest for the Orb.
     0 | D:1      | Reached XP level 1. HP: 22/22 MP: 0/0
   520 | D:1      | Reached XP level 2. HP: 29/29 MP: 1/1
   732 | D:1      | Found Tyhis's Antique Weapon Shoppe.
   908 | D:2      | Noticed Jessica
   914 | D:2      | Killed Jessica
   915 | D:2      | Reached XP level 3. HP: 36/36 MP: 2/2
   923 | D:2      | Reached ** piety under Trog
  1096 | D:2      | Reached skill level 4 in Unarmed Combat
  1103 | D:2      | Reached XP level 4. HP: 41/44 MP: 3/3
  1656 | D:3      | Noticed Terence
  1661 | D:3      | Killed Terence
  1723 | D:3      | Found a faded altar of an unknown god.
  1761 | D:3      | Noticed Robin
  1784 | D:3      | HP: 1/45 [goblin/+0 dagger[Robin] (3)]
  1786 | D:3      | Killed from afar by an orc priest

Illustrated notes

Levels and vault maps discovered:
D:1:      dpeg_arrival_water_temple_mockup, layout_loops_corners, serial_shops,
          nicolae_shop_overgrown_old_shop, chequers_serial_rivers_room_a,
          minmay_gold_behind_fungi, corner_web_ring
D:2:      layout_loops_ring, grunt_ministairs_7, uniq_jessica
D:3:      layout_basic, okawaru_gym_becter, grunt_gozag_breadcrumbs,
          shapermc_ecumenical_altar_flowoftime, minivault_14, uniq_terence,
          uniq_robin

Skill      XL: |  1  2  3  4 |
---------------+-------------+-----
Dodging        | 3 |  3.2
Unarmed Combat | 4 |  4.3
Fighting       | 3 |  3.0
Stealth        | |  0.1

Action                   |  1- 3 |  4- 6 || total
-------------------------+-------+-------++-------
Melee: Unarmed           |    74 |    52 ||   126
       Punch             |     1 |       ||     1
Invok: Berserk           |     1 |     2 ||     3
Armor: Animal skin       |    26 |    35 ||    61
Dodge: Dodged            |    49 |    57 ||   106

Table legend: (Time is in decaauts)
 A = Elapsed time spent in this place.
 B = Non-inter-level travel time spent in this place.
 C = Inter-level travel time spent in this place.
 D = Time resting spent in this place.
 E = Time spent auto-exploring this place.
 F = Levels seen in this place.
 G = Mean time per level.
                   A        B        C        D        E       F      G
               +--------+--------+--------+--------+--------+-----+--------+
         Total |   1791 |   1441 |    350 |      0 |   1104 |   3 |  597.0 |
       Dungeon |   1791 |   1441 |    350 |      0 |   1104 |   3 |  597.0 |
               +--------+--------+--------+--------+--------+-----+--------+

Top non-repeatable levels by time:
     D:1: 878 daAuts
     D:2: 774 daAuts
     D:3: 138 daAuts
